 Dungeon Crawl Stone Soup version 0.19-a0-1886-gd64a0f0 (webtiles) character file.

338 Kirkhe the Poker (level 6, -5/58 HPs)
             Began as an Octopode Skald on Oct 16, 2016.
             Killed by divine providence
             ... invoked by an orc priest
              (14 damage)
             ... on level 4 of the Dungeon.
             The game lasted 00:06:44 (3041 turns).

Kirkhe the Poker (Octopode Skald)                   Turns: 3041, Time: 00:06:46

Health: -5/58      AC:  1    Str: 16    XL:     6   Next: 55%
Magic:  4/9        EV: 14    Int: 16    God:
Gold:   67         SH:  0    Dex: 12    Spells: 1 memorised, 8 levels left

rFire  . . .     SeeInvis .     a - +1 spear
rCold  . . .     Gourm    +     (no shield)
rNeg   . . .     Faith    .     (helmet restricted)
rPois  .         Spirit   .     j - amulet of the gourmand
rElec  .         Dismiss  .     l - ring of flight
rCorr  +         Reflect  .     d - ring of resist corrosion
MR     .....     Harm     .     (no ring)
Stlth  ..........               (no ring)
                                (no ring)
                                (no ring)
                                (no ring)
                                (no ring)

@: berserking, infused, very quick
A: almost no armour, stealthy swim, amphibious, 8 rings, constrict 8, camouflage
1, gelatinous body 1
a: Evoke Flight


You were on level 4 of the Dungeon.
You were very full.

You visited 1 branch of the dungeon, and saw 4 of its levels.

You collected 187 gold pieces.
You spent 120 gold pieces at shops.

Inventory:

Hand Weapons
 a - a +1 spear (weapon)
Jewellery
 d - a ring of resist corrosion (right tentacle)
 g - an uncursed ring of ice
 j - an amulet of the gourmand (around mantle)
 l - a ring of flight (left tentacle)
Wands
 q - a wand of paralysis (20/24)
 r - a wand of disintegration (10/24)
Scrolls
 e - a scroll of remove curse
 i - a scroll of recharging
 k - 2 scrolls of identify
Potions
 h - 3 potions of curing
 m - a potion of beneficial mutation
 o - 2 potions of heal wounds {unknown}
 p - 2 potions of berserk rage
 t - a potion of cancellation
Books
 b - a book of Battle

   Spells                             Type                      Level
   a - Infusion                       Charms                       1
   b - Shroud of Golubria             Charms/Translocation         2
   c - Song of Slaying                Charms                       2
   d - Spectral Weapon                Hexes/Charms                 3
   e - Regeneration                   Charms/Necromancy            3
Comestibles
 c - 7 bread rations
 f - a beef jerky
 n - 2 meat rations
 s - a slice of pizza


   Skills:
 - Level 2.0 Fighting
 + Level 4.6 Polearms
 + Level 2.8 Dodging
 + Level 4.2 Stealth
 + Level 2.3 Spellcasting
 + Level 3.6 Charms


You had 8 spell levels left.
You knew the following spells:

 Your Spells              Type           Power        Failure   Level  Hunger
a - Infusion              Chrm           ##..         6%          1    #......


Dungeon Overview and Level Annotations

Branches:
Dungeon (4/15)             Temple (0/1) D:4

Altars:
Makhleb

Shops:
D:4 ?}

Annotations:
D:4 matthes123's ghost, amateur CeHu


Innate Abilities, Weirdness & Mutations

You cannot wear most types of armour.
You are very stealthy in the water. (Stealth+)
You are amphibious.
You can wear up to eight rings at the same time.
You can use your tentacles to constrict eight enemies at once.
Your skin changes colour to match your surroundings (Stealth+).
Your rubbery body absorbs attacks. (AC +1, EV +1)


Message History

You kill the orc priest!
You hear some strange, mumbled words.
A puff of frost appears from out of thin air!
The puff of frost hits you!
* * * LOW HITPOINT WARNING * * *
The orc priest barely misses you.
You are too injured to fight recklessly!
You are too injured to fight recklessly!
You puncture the orc priest! Your grab misses the orc priest.
The orc priest is almost dead.
Something hits you.
* * * LOW HITPOINT WARNING * * *
You barely miss the orc priest. Your grab misses the orc priest.
Your squeeze misses the orc priest.
The orc priest is almost dead.
Something hits you.
* * * LOW HITPOINT WARNING * * *
The orc priest invokes the aid of Beogh against you.
Beogh smites you!
You die...

##########
##........##
#...))o....#
#..%.#@...#..
#..o##....##
#...#......#
#..##......##
#..#........#
#. #........#
# #.
##......##.#
# #......#..#
### #..
##....##..#


You could see an orc priest.

Vanquished Creatures
  Blork the orc (D:4)
  2 orc priests
  A centaur skeleton (D:4)
  A worker ant (D:4)
  A hound skeleton (D:3)
  6 adders
  2 worms (D:2)
  A dart slug (D:1)
  A leopard gecko (D:1)
  4 orcs
  2 ball pythons
  A giant cockroach (D:2)
  8 goblins
  16 hobgoblins
  4 jackals (D:2)
  7 bats
  7 frilled lizards
  6 kobolds
  6 rats
77 creatures vanquished.

Notes
Turn   | Place    | Note
-------+----------+-------------------------------------------
     0 | D:1      | Kirkhe the Octopode Skald began the quest for the Orb.
     0 | D:1      | Reached XP level 1. HP: 14/14 MP: 3/3
   165 | D:1      | Reached XP level 2. HP: 3/19 MP: 5/5
   979 | D:1      | Reached XP level 3. HP: 24/24 MP: 6/6
  1260 | D:2      | Reached skill level 1 in Stealth
  1260 | D:2      | Reached XP level 4. HP: 22/29 MP: 3/7
  1805 | D:3      | Reached XP level 5. HP: 32/34 MP: 8/8
  2639 | D:3      | Found a burning altar of Makhleb.
  2687 | D:4      | Noticed matthes123's ghost (amateur CeHu)
  2736 | D:4      | Found Ogismap's Magic Scroll Shoppe.
  2736 | D:4      | Found a staircase to the Ecumenical Temple.
  2736 | D:4      | Noticed Blork the orc
  2750 | D:4      | Killed Blork the orc
  2750 | D:4      | Reached XP level 6. HP: 22/39 MP: 9/9
  2771 | D:4      | Bought a scroll of identify for 20 gold pieces
  2771 | D:4      | Bought a scroll of identify for 20 gold pieces
  2771 | D:4      | Bought a scroll of identify for 20 gold pieces
  2771 | D:4      | Bought a scroll of identify for 20 gold pieces
  2771 | D:4      | Bought a scroll of identify for 20 gold pieces
  2771 | D:4      | Bought a scroll of identify for 20 gold pieces
  2911 | D:4      | Found Deyrej's Gadget Boutique.
  3041 | D:4      | Killed from afar by an orc priest

Vault maps used:
D:1:      evilmike_arrival_grusome_pit, hex_tiny
D:3:      lightli_temple_of_fire
D:4:      serial_shops, nicolae_shop_trees, nicolae_shop_stone, shop_scrolls,
          serial_glass, glass_columns_b, glass_columns_b, glass_columns_b,
          glass_columns_a, glass_columns_c, glass_columns_a,
          minmay_misc_feat_iff, minmay_surrounded, uniq_sigmund,
          uniq_blork_the_orc

Skill      XL: |  1  2  3  4  5  6 |
---------------+-------------------+-----
Stealth        | 1 3 4 |  4.2
Polearms       | 3 4 |  4.6
Dodging        | 2 |  2.8
Fighting       | |  2.0
Spellcasting   | |  2.3
Charms         | |  3.6

Action                   |  1- 3 |  4- 6 || total
-------------------------+-------+-------++-------
Melee: Spear             |   105 |   149 ||   254
       Constrict         |    16 |    29 ||    45
       Tentacles         |    10 |    17 ||    27
 Cast: Infusion          |     1 |     1 ||     2
  Use: Scroll            |       |    16 ||    16
       Potion            |       |     1 ||     1
 Stab: Sleeping          |     6 |     9 ||    15
       Distracted        |       |     2 ||     2
  Eat: Chunk             |    11 |    12 ||    23
Armor: Skin              |     7 |     4 ||    11
Dodge: Dodged            |    43 |    61 ||   104
